 Dungeon Crawl Stone Soup version 0.30-a0-702-gdf48620a09 (webtiles) character file.

Game seed: 10119609085357312639

213 flotson the Sneak (level 5, -6/44 HPs)
             Began as a Demonspawn Delver on Jan 21, 2023.
             Killed by nerve-wracking pain
             ... invoked by Grinder
              (11 damage)
             ... on level 3 of the Dungeon.
             The game lasted 00:04:44 (2278 turns).

flotson the Sneak (Demonspawn Delver)               Turns: 2278, Time: 00:04:45

Health: -6/44      AC:  9    Str: 14    XL:     5   Next: 59%
Magic:  5/5        EV: 10    Int: 14    God:
Gold:   133        SH:  0    Dex: 15    Spells: 4/4 levels left

rFire   . . .      SeeInvis .    b - +7 short sword of Kouc {heavy, rPois rC+ Int+3}
rCold   + . .      Faith    .    (no shield)
rNeg    . . .      Spirit   .    f - +0 scale mail
rPois   +          Reflect  .    (no helmet)
rElec   .          Harm     .    r - +0 cloak
rCorr   .          Rampage  .    (no gloves)
Will    .....                    (no boots)
Stlth   ++                       (no amulet)
HPRegen 0.27/turn                (no ring)
MPRegen 0.09/turn                (no ring)

@: no status effects
A: rugged brown scales 2, powered by pain 1
a: no special abilities


You were on level 3 of the Dungeon.
You visited 1 branch of the dungeon, and saw 5 of its levels.

You collected 133 gold pieces.

Inventory:

Hand Weapons
 a - a +0 war axe
 b - the +7 short sword of Kouc (weapon) {heavy, rPois rC+ Int+3}
   (You found it on level 2 of the Dungeon)

   Int:       It affects your intelligence (+3).
   rC:        It protects you from cold.
   rPois:     It protects you from poison.
Missiles
 j - 5 poisoned darts (quivered)
Armour
 f - a +0 scale mail (worn)
 r - a +0 cloak (worn)
Jewellery
 o - a +6 ring of intelligence
Wands
 g - a wand of digging (9)
Scrolls
 c - a scroll of fog
 h - 2 scrolls of amnesia {unknown}
 i - a scroll of noise {unknown}
 l - a scroll of enchant armour {unknown}
 m - 2 scrolls of identify {unknown}
 n - 2 scrolls of magic mapping
 s - a scroll of immolation {unknown}
Potions
 d - a potion of degeneration {unknown}
 e - a potion of curing {unknown}
 k - a potion of might {unknown}
 p - a potion of ambrosia {unknown}
 q - a potion of lignification {unknown}


   Skills:
 + Level 3.9 Fighting
 - Level 2.0 Axes
 + Level 1.0 Throwing
 + Level 1.9 Armour
 + Level 2.8 Dodging
 - Level 5.0 Stealth
 + Level 2.0 Evocations


You had 4 spell levels left.
You didn't know any spells.
Your spell library contained the following spells:

 Spells                   Type           Power      Damage    Failure   Level
 Borgnjor's Revivificati  Necr           0%         N/A       100%        8
 Necromutation            Tmut/Necr      0%         N/A       100%        8
 Death's Door             Necr           0%         N/A       100%        9


Dungeon Overview and Level Annotations

Branches:
Dungeon (5/15)
 Temple: D:4-7

Altars:

Annotations:
D:3 Grinder


Innate Abilities, Weirdness & Mutations

You are mostly covered in rugged brown scales. (AC +2, +5% HP)
You sometimes gain a little power by taking damage.


Message History

You hit Grinder.
Grinder is lightly wounded.
Grinder barely misses you. Grinder hits you.
You hit Grinder.
Grinder is moderately wounded.
Grinder closely misses you.
Unknown command.
You puncture Grinder!
Grinder is heavily wounded.
Grinder barely misses you. Grinder hits you but does no damage.
You hit Grinder.
Grinder is severely wounded.
Grinder misses you.
You barely miss Grinder. Your punch misses Grinder.
Grinder is severely wounded.
Grinder blinks!
Grinder gestures at you. Pain shoots through your body!
You are too injured to fight recklessly!
You are too injured to fight recklessly!
You are too injured to fight recklessly!
You are too injured to fight recklessly!
Unknown command.
You are too injured to fight recklessly!
Grinder hits you!
* * * LOW HITPOINT WARNING * * *
You writhe in agony.
* * * LOW HITPOINT WARNING * * *
You see here 6 gold pieces.
You puncture Grinder!
Grinder is almost dead.
Grinder hits you.
* * * LOW HITPOINT WARNING * * *
You writhe in agony.
* * * LOW HITPOINT WARNING * * *
You barely miss Grinder.
Grinder is almost dead.
Grinder gestures at you. Pain shoots through your body!
You die...

#.# #.# #.# #.# #[####.#### ****
#.>.......##*** *,,, **********
#..##..#....!.*****,,, ,,,,,,,,,*
#...#.##.####.,,,,*,,, ,,,,,,,,,*
##.......# *,,,,,*,,, ,,,,,,,,,*
##.5.#### *,,,,,*,,, ,,,,,,,,,***
#.#@### **,,,,*,,, ,,,,,,,,,,,*
#.#...# *,*****,, ,,,,,,,,,*,*
#.###.### *,* *,, ,,,,,,,,,*,*
#.......# *,*****,,
,,,,**,***,#######.#.####.,,,,,,,
,,,,**,,,,,.......<.......,,,,,,,
,,,,******,#########.#####******,
,,,,*,,,,,,**,,,,,,,.# *,,,,,,,
,,,,*,**,*,**,*******# *,,,,,,,


You could see Grinder.

Vanquished Creatures
  A necrophage (D:2)
  Crazy Yiuf (D:2)
  8 adders (D:2)
  A worm (D:2)
  A dart slug (D:2)
  2 orcs (D:5)
  5 ball pythons
  3 endoplasms
  2 giant cockroaches
  3 goblins
  3 hobgoblins
  2 jackals (D:1)
  3 quokkas
  5 bats
  A frilled lizard (D:2)
  4 kobolds
  6 rats
51 creatures vanquished.

Notes
Turn   | Place    | Note
-------+----------+-------------------------------------------
     0 | D:5      | flotson the Demonspawn Delver began the quest for the Orb.
     0 | D:5      | Reached XP level 1. HP: 18/18 MP: 1/1
   125 | D:5      | Noticed an orc wizard
   131 | D:4      | Noticed an iguana
   136 | D:4      | Noticed a jelly
   225 | D:3      | Noticed Grinder
   226 | D:3      | Paralysed by Grinder for 2 turns
   241 | D:3      | Paralysed by Grinder for 2 turns
   267 | D:2      | Gained mutation: You sometimes gain a little power by
                  | taking damage. [demonic ancestry]
   267 | D:2      | Reached XP level 2. HP: 8/24 MP: 2/2
   382 | D:2      | Gained mutation: You are partially covered in rugged brown
                  | scales. (AC +1, +3% HP) [demonic ancestry]
   382 | D:2      | Reached XP level 3. HP: 24/29 MP: 3/3
   478 | D:2      | Reached skill level 1 in Armour
   478 | D:2      | Reached skill level 1 in Evocations
   537 | D:2      | Reached XP level 4. HP: 17/36 MP: 4/4
   632 | D:2      | Noticed a necrophage
  1719 | D:2      | Identified the +7 short sword of Kouc {heavy, rPois rC+
                  | Int+3}
  1933 | D:2      | Found a runed translucent door.
  1934 | D:2      | Noticed Crazy Yiuf
  1944 | D:2      | Killed Crazy Yiuf
  1945 | D:2      | Reached skill level 5 in Stealth
  1945 | D:2      | Gained mutation: You are mostly covered in rugged brown
                  | scales. (AC +2, +5% HP) [demonic ancestry]
  1945 | D:2      | Reached XP level 5. HP: 12/44 MP: 5/5
  2185 | D:2      | Reached skill level 1 in Throwing
  2264 | D:3      | Paralysed by Grinder for 5 turns
  2278 | D:3      | Killed from afar by Grinder

Illustrated notes

Levels and vault maps discovered:
D:1:      roderic_crossed_star, layout_loops_ring, amcnicky_mini_pool_small,
          minmay_liquid_box, chequers_serial_rivers_room_a
D:2:      layout_basic, minmay_indecisive_spiral, uniq_crazy_yiuf_cottage
D:3:      layout_basic, hangedman_decor_lopped, uniq_grinder, uniq_robin,
          uniq_terence
D:4:      layout_loops_ring, kennysheep_mini_moat,
          minmay_temple_entry_glassed_door, gup_sewer_entry_spiral
D:5:      layout_basic, elyvilon_altar_5,
          chequers_temple_overflow_statue_of_worship

Skill      XL: |  1  2  3  4  5 |
---------------+----------------+-----
Axes           | 2 |  2.0
Dodging        | 2 |  2.8
Armour         | 1 |  1.9
Evocations     | 1 2 |  2.0
Stealth        | 5 |  5.0
Throwing       | 1 |  1.0
Fighting       | |  3.9

Action                   |  1- 3 |  4- 6 || total
-------------------------+-------+-------++-------
Melee: War axe           |    55 |    77 ||   132
       Hand axe          |     6 |       ||     6
       Punch             |     1 |     2 ||     3
       Short sword       |       |    33 ||    33
  Use: Scroll            |     2 |       ||     2
       Potion            |     1 |       ||     1
 Stab: Sleeping          |       |     2 ||     2
       Distracted        |       |     1 ||     1
Armor: Scale mail        |    49 |    62 ||   111
       Leather armour    |     5 |       ||     5
Dodge: Dodged            |    47 |    74 ||   121

Table legend: (Time is in decaauts)
 A = Elapsed time spent in this place.
 B = Non-inter-level travel time spent in this place.
 C = Inter-level travel time spent in this place.
 D = Time resting spent in this place.
 E = Time spent auto-exploring this place.
 F = Levels seen in this place.
 G = Mean time per level.
                   A        B        C        D        E       F      G
               +--------+--------+--------+--------+--------+-----+--------+
         Total |   2334 |   2230 |    104 |      0 |   1674 |   5 |  466.8 |
       Dungeon |   2334 |   2230 |    104 |      0 |   1674 |   5 |  466.8 |
               +--------+--------+--------+--------+--------+-----+--------+

Top non-repeatable levels by time:
     D:2: 1268 daAuts
     D:1: 794 daAuts
     D:5: 118 daAuts
     D:3: 100 daAuts
     D:4: 51 daAuts
